 Dungeon Crawl Stone Soup version 0.23-a0-143-g1adec7b (webtiles) character file.

140 corax the Sneak (level 5, -4/35 HPs)
             Began as an Octopode Assassin on Sept 4, 2018.
             Slain by a hobgoblin
             ... wielding a +0 club
              (5 damage)
             ... on level 3 of the Dungeon.
             The game lasted 00:04:37 (1209 turns).

corax the Sneak (Octopode Assassin)                 Turns: 1209, Time: 00:04:39

Health: -4/35      AC:  1    Str: 11    XL:     5   Next: 23%
Magic:  5/5        EV: 13    Int: 14    God:
Gold:   111        SH:  0    Dex: 13    Spells: 4/4 levels left

rFire    . . .     SeeInvis .   n - +1 dagger (venom)
rCold    . . .     Gourm    .   (no shield)
rNeg     . . .     Faith    .   (helmet restricted)
rPois    .         Spirit   .   (no amulet)
rElec    .         Reflect  .   (no ring)
rCorr    .         Harm     .   (no ring)
MR       .....                  (no ring)
Stlth    +++++.....             (no ring)
HPRegen  0.11/turn              (no ring)
MPRegen  0.09/turn              (no ring)
                                (no ring)
                                (no ring)

@: slowed, very slow
A: almost no armour, stealthy swim, amphibious, 8 rings, constrict 8, camouflage
1, gelatinous body 1
a: no special abilities


You were on level 3 of the Dungeon.
You were not hungry.

You visited 1 branch of the dungeon, and saw 3 of its levels.

You collected 111 gold pieces.

Inventory:

Hand Weapons
 a - a +2 dagger
 b - a +0 blowgun
 n - a +1 dagger of venom (weapon)
Missiles
 c - 38 poisoned needles
 d - 7 curare-tipped needles
Jewellery
 e - an uncursed amulet of faith {unknown}
Scrolls
 g - a scroll of blinking {unknown}
 h - a scroll of remove curse {unknown}
 i - 5 scrolls of identify {unknown}
 l - 3 scrolls of teleportation {unknown}
 m - a scroll of enchant weapon {unknown}
 p - a scroll of noise {unknown}
Potions
 j - a potion of might {unknown}
 k - a potion of curing {unknown}
 o - a potion of agility {unknown}
 q - 3 potions of mutation {unknown}
 r - 2 potions of brilliance {unknown}
 s - a potion of cancellation {unknown}
Comestibles
 f - a ration


   Skills:
 + Level 2.5 Fighting
 + Level 3.0 Short Blades
 + Level 2.0 Throwing
 + Level 1.5 Dodging
 + Level 7.5 Stealth


You had 4 spell levels left.
You didn't know any spells.
Your spell library was empty.

Dungeon Overview and Level Annotations

Branches:
Dungeon (3/15)

Altars:
Xom


Innate Abilities, Weirdness & Mutations

You cannot wear most types of armour.
You are very stealthy in the water. (Stealth+)
You are amphibious.
You can wear up to eight rings at the same time.
You can use your tentacles to constrict eight enemies at once.
Your skin changes colour to match your surroundings (Stealth+).
Your rubbery body absorbs attacks. (AC +1, EV +1)


Message History

Unknown command.
You closely miss the orc. You grab the orc.
The orc is severely wounded.
You constrict the orc, but do no damage.
The orc misses you. The orc hits you.
* * * LOW HITPOINT WARNING * * *
You hit the orc but do no damage.
The orc is poisoned.
You squeeze the orc.
You kill the orc!
You closely miss the frilled lizard. Your grab misses the frilled lizard.
The frilled lizard bites you but does no damage.
You closely miss the frilled lizard. You grab the frilled lizard.
You squeeze the frilled lizard.
You kill the frilled lizard!
You barely miss the hobgoblin. Your grab misses the hobgoblin.
You squeeze the hobgoblin.
The hobgoblin is heavily wounded.
The hobgoblin hits you but does no damage.
The orc wizard gestures wildly while chanting.
The orc wizard seems to speed up.
The hobgoblin hits you with a club.
You die...

#.# #.#...# ##
... #.#..<# #
### #.#...#.#
#.#%....#
...##.##.#######
................
#..##.##)##....#
#..#. #)# ...#
#... #@# ..#
#..##g# .#
#.....# #
+....o# #...).#
#.....# #...##.#
#..#. #.# #..##.
#.#


You could see an orc wizard and a hobgoblin.

Vanquished Creatures
  An orc wizard (D:3)
  A worker ant (D:3)
  An adder (D:3)
  4 worms (D:2)
  2 dart slugs (D:1)
  3 leopard geckos
  6 orcs (D:3)
  5 giant cockroaches
  7 goblins
  8 hobgoblins
  A ball python (D:3)
  4 bats
  3 frilled lizards
  2 jackal skeletons (D:3)
  3 kobolds
  4 rats (D:1)
55 creatures vanquished.

Notes
Turn   | Place    | Note
-------+----------+-------------------------------------------
     0 | D:1      | corax the Octopode Assassin began the quest for the Orb.
     0 | D:1      | Reached XP level 1. HP: 14/14 MP: 1/1
   175 | D:1      | Reached XP level 2. HP: 16/19 MP: 2/2
   274 | D:1      | Reached skill level 6 in Stealth
   433 | D:1      | Reached XP level 3. HP: 24/24 MP: 3/3
   934 | D:2      | Reached XP level 4. HP: 22/29 MP: 4/4
  1072 | D:2      | Found a shimmering altar of Xom.
  1100 | D:3      | Reached skill level 7 in Stealth
  1196 | D:3      | Reached XP level 5. HP: 13/35 MP: 5/5
  1205 | D:3      | HP: 1/35 [orc (2)]
  1209 | D:3      | Slain by a hobgoblin

Vault maps used:
D:1:      roderic_crossed_star
D:2:      overflow_temple_1_default
D:3:      eat_drink_and_be_merry_uskayaw, gammafunk_temple_overflow_claw,
          first_ration, grunt_ministairs_3, minmay_misc_feat_square,
          minmay_tree_intersection, dk_yredelemnul_ordeal

Skill      XL: |  1  2  3  4 |
---------------+-------------+-----
Stealth        | 6 7 |  7.5
Short Blades   | 3 |  3.0
Fighting       | |  2.5
Throwing       | |  2.0
Dodging        | |  1.5

Action                   |  1- 3 |  4- 6 || total
-------------------------+-------+-------++-------
Melee: Dagger            |    69 |    35 ||   104
       Constrict         |    21 |    11 ||    32
       Tentacles         |    12 |     6 ||    18
 Stab: Sleeping          |    16 |     3 ||    19
  Eat: Chunk             |       |     1 ||     1
Armor: Skin              |     9 |     6 ||    15
Dodge: Dodged            |    29 |    24 ||    53

Table legend:
 A = Non-vault XP
 B = Vault XP
 C = Vault XP percentage of total XP
 D = Non-vault monster count
 E = Vault monster count
 F = Vault count percentage of total count
                 A         B        C        D         E       F
            +---------+---------+-------+---------+---------+-------
      Total |     199 |       2 |   1.0 |      53 |       2 |   3.6
            +---------+---------+-------+---------+---------+-------
        D:1 |      40 |       0 |   0.0 |      22 |       0 |   0.0
        D:2 |      47 |       0 |   0.0 |      19 |       0 |   0.0
        D:3 |     112 |       2 |   1.8 |      12 |       2 |  14.3
            +---------+---------+-------+---------+---------+-------
